 Dungeon Crawl Stone Soup version 0.21-a0-251-g5e8393f (webtiles) character file.

193 Hook the Insei (level 5, 0/37 HPs)
             Began as a Demonspawn Transmuter on Sept 5, 2017.
             Succumbed to an adder's poison
             ... on level 4 of the Dungeon.
             The game lasted 00:10:23 (3808 turns).

Hook the Insei (Demonspawn Transmuter)              Turns: 3808, Time: 00:10:24

Health: 0/37       AC:  2    Str: 10 (11) XL:     5   Next: 44%
Magic:  3/8        EV: 18    Int: 17 (19) God:
Gold:   156        SH:  0    Dex: 16 (19) Spells: 3/9 levels left

rFire    . . .     SeeInvis .     - Unarmed
rCold    . . .     Gourm    .   (no shield)
rNeg     . . .     Faith    .   b - +0 robe
rPois    .         Spirit   .   (helmet restricted)
rElec    .         Reflect  .   (no cloak)
rCorr    .         Harm     .   (no gloves)
MR       .....                  (no boots)
Stlth    ++........             (no amulet)
HPRegen  0.12/turn              (no ring)
MPRegen  0.11/turn              (no ring)

@: brilliant, agile, lethally poisoned (0 -> -4), flying, very slightly
contaminated, hasted, very quick
A: antennae 1, powered by death 1
a: no special abilities


You were on level 4 of the Dungeon.
You were not hungry.

You visited 1 branch of the dungeon, and saw 4 of its levels.

You collected 156 gold pieces.

Inventory:

Missiles
 a - 31 arrows
 m - a javelin of returning (quivered)
Armour
 b - a +0 robe (worn)
Scrolls
 e - a scroll of identify {unknown}
 g - 3 scrolls of remove curse {unknown}
 h - a scroll of immolation {unknown}
 n - a scroll of amnesia {unknown}
 p - 2 scrolls of enchant weapon {unknown}
Potions
 i - a potion of agility
 j - 3 potions of haste
 l - a potion of flight
Books
 c - a book of Changes

   Spells                             Type                      Level
   a - Beastly Appendage              Transmutation                1
   b - Sticks to Snakes               Transmutation                2
   c - Spider Form                    Transmutation/Poison         3
   d - Ice Form                       Ice/Transmutation            4
   e - Blade Hands                    Transmutation                5
Comestibles
 d - 2 bread rations
 k - a royal jelly


   Skills:
 * Level 1.4 Fighting
 + Level 2.2 Dodging
 * Level 4.3 Unarmed Combat
 + Level 2.5 Spellcasting
 * Level 2.3 Transmutations
 * Level 1.6 Poison Magic


You had 3 spell levels left.
You knew the following spells:

 Your Spells              Type           Power        Failure   Level  Hunger
a - Beastly Appendage     Tmut           ###...       1%          1    #......
b - Sticks to Snakes      Tmut           ###.....     1%          2    ##.....
c - Spider Form           Tmut/Pois      ###.......   3%          3    ###....


Dungeon Overview and Level Annotations

Branches:
Dungeon (4/15)
 Temple: D:4-7

Altars:


Innate Abilities, Weirdness & Mutations

You have a pair of small antennae on your head.
You regenerate a little health from kills.


Message History

You feel sick.
It was a potion of agility.
You feel agile all of a sudden.
It was a potion of haste.
You feel yourself speed up.
* * * LOW HITPOINT WARNING * * *
You feel sick.
It was a potion of flight.
You feel very buoyant.
You fly up into the air.
Your transformation has ended.
Your +0 robe unmelds from your body.
It was a potion of brilliance.
You feel clever all of a sudden.
* * * LOW HITPOINT WARNING * * *
You feel sick.
* * * LOW HITPOINT WARNING * * *
You feel sick.
There is a lethal amount of poison in your body!
There is a lethal amount of poison in your body!
You die...

....# ###...##.....# ####.....
....# ###...###...## #.....<..
...#####.....# ##..# #..........
..###........## ### #..........
###...........# ##.........
..............## #### ##........
......(........###..## #.........
...............#.....###..#......
...........###..@.....#..###.#...
#..........# #...........#
##.........###...........#
##........##.#...........
.......#..#........(..
#.......##...........
####...###........... ##.##
##......... #†## ##.......


There were no monsters in sight!

Vanquished Creatures
  A hound skeleton (D:4)
  5 gnolls
  3 adders
  3 worms (D:2)
  6 dart slugs
  2 leopard geckos
  6 orcs (D:3)
  10 bats
  5 giant cockroaches
  5 goblins
  10 hobgoblins
  4 jackals (D:2)
  A quokka (D:2)
  5 frilled lizards
  10 kobolds
  6 rats
82 creatures vanquished.

Notes
Turn   | Place    | Note
-------+----------+-------------------------------------------
     0 | D:1      | Hook the Demonspawn Transmuter began the quest for the Orb.
     0 | D:1      | Reached XP level 1. HP: 15/15 MP: 3/3
    60 | D:1      | Reached skill level 3 in Unarmed Combat
    92 | D:1      | Gained mutation: You have a pair of small antennae on your head. [demonic ancestry]
    92 | D:1      | Reached XP level 2. HP: 16/21 MP: 5/5
   553 | D:1      | Learned a level 2 spell: Sticks to Snakes
   669 | D:1      | Gained mutation: You regenerate a little health from kills. [demonic ancestry]
   669 | D:1      | Reached XP level 3. HP: 26/26 MP: 4/6
   981 | D:1      | Learned a level 3 spell: Spider Form
  1975 | D:2      | Reached XP level 4. HP: 22/32 MP: 3/7
  2233 | D:2      | Reached skill level 1 in Poison Magic
  2588 | D:3      | Reached skill level 4 in Unarmed Combat
  2997 | D:3      | Reached XP level 5. HP: 29/37 MP: 6/8
  3804 | D:4      | HP: 1/37 [poisoned by an adder]
  3808 | D:4      | Succumbed to an adder's poison

Vault maps used:
D:1:      dpeg_chamrin_arrival_tetris
D:2:      kennysheep_generic_room_10
D:4:      first_bread, serial_shops, nicolae_shop_stone

Skill      XL: |  1  2  3  4 |
---------------+-------------+-----
Dodging        | 2 |  2.2
Unarmed Combat | 3 4 |  4.3
Transmutations | 2 |  2.3
Poison Magic   | 1 |  1.6
Fighting       | |  1.4
Spellcasting   | |  2.5

Action                   |  1- 3 |  4- 6 || total
-------------------------+-------+-------++-------
Melee: Unarmed           |   142 |   158 ||   300
       Punch             |     1 |     1 ||     2
       Kick              |    16 |    19 ||    35
Throw: Javelin           |       |     4 ||     4
 Cast: Beastly Appendage |    20 |    17 ||    37
       Spider Form       |     3 |     3 ||     6
       Sticks to Snakes  |       |     2 ||     2
  Use: Potion            |       |     5 ||     5
 Stab: Sleeping          |       |     1 ||     1
  Eat: Chunk             |     3 |     2 ||     5
       Bread ration      |     1 |       ||     1
       Royal jelly       |       |     1 ||     1
Armor: Robe              |    27 |    18 ||    45
       Skin              |     1 |       ||     1
Dodge: Dodged            |   107 |   101 ||   208

Table legend:
 A = Spawn XP
 B = Non-spawn XP
 C = Spawn XP percentage of total XP
 D = Spawn monster count
 E = Non-spawn monster count
 F = Spawn count percentage of total count
 G = Total turns spent on level
                    A         B        C        D         E        F      G
               +---------+---------+-------+---------+---------+-------+---------
         Total |      39 |     238 |  14.1 |      13 |      69 |  15.9 |  3808
               +---------+---------+-------+---------+---------+-------+---------
           D:1 |       9 |      53 |  14.5 |       4 |      20 |  16.7 |  1070
           D:2 |      11 |      56 |  16.4 |       5 |      26 |  16.1 |  1465
           D:3 |      19 |      98 |  16.2 |       4 |      21 |  16.0 |   935
           D:4 |       0 |      31 |   0.0 |       0 |       2 |   0.0 |   338
               +---------+---------+-------+---------+---------+-------+---------
